 Dungeon Crawl Stone Soup version 0.28.0-47-ge53b351184 (webtiles) character file.

Game seed: 5012545183888145673

72 Revguard the Chopper (level 4, -1/40 HPs)
             Began as a Hill Orc Monk on May 4, 2022.
             Succumbed to an adder's poison
             ... on level 3 of the Dungeon.
             The game lasted 00:04:45 (2449 turns).

Revguard the Chopper (Hill Orc Monk)                Turns: 2449, Time: 00:04:45

Health: -1/40      AC:  6    Str: 15    XL:     4   Next: 26%
Magic:  6/6        EV: 10    Int: 10    God:
Gold:   39         SH:  0    Dex: 13    Spells: 3/3 levels left

rFire   . . .      SeeInvis .   a - +0 hand axe
rCold   . . .      Faith    .   (no shield)
rNeg    . . .      Spirit   .   d - +0 scale mail
rPois   .          Reflect  .   (no helmet)
rElec   .          Harm     .   (no cloak)
rCorr   .          Rampage  .   (no gloves)
Will    .....                   (no boots)
Stlth   ..........              c - amulet of the acrobat
HPRegen 0.13/turn               (no ring)
MPRegen 0.10/turn               (no ring)

@: lethally poisoned (-1 -> -16), hasted, very quick
A: wild magic 1, evolution 1
a: no special abilities


You were on level 3 of the Dungeon.
You visited 1 branch of the dungeon, and saw 3 of its levels.

You collected 39 gold pieces.

Inventory:

Hand Weapons
 a - a +0 hand axe (weapon)
Armour
 d - a +0 scale mail (worn)
 h - a +0 plate armour
Jewellery
 c - an amulet of the acrobat (around neck)
Scrolls
 i - 2 scrolls of fog {unknown}
 j - a scroll of identify
Potions
 e - a potion of cancellation
 g - a potion of attraction {unknown}


   Skills:
 + Level 4.1 Fighting
 + Level 4.4 Axes
 + Level 1.3 Armour
 + Level 2.5 Dodging
 - Level 1.5 Stealth
 * Level 2.7 Invocations
 + Level 1.0 Evocations


You had 3 spell levels left.
You didn't know any spells.
Your spell library contained the following spells:

 Spells                   Type           Power      Damage    Failure   Level
 Sublimation of Blood     Necr           0%         N/A       95%         2
 Wereblood                Tmut           0%         N/A       95%         2
 Summon Hydra             Summ           0%         N/A       100%        7


Dungeon Overview and Level Annotations

Branches:
Dungeon (3/15)

Altars:


Innate Abilities, Weirdness & Mutations

Your spells are a little harder to cast, but a little more powerful.
You have hidden genetic potential.


Message History

You miss the adder.
The adder is lightly wounded.
You feel sick. The adder bites you but does no damage.
You closely miss the adder.
The adder is lightly wounded.
You feel sick. The adder closely misses you.
You miss the adder.
The adder is lightly wounded.
You feel sick. The adder bites you.
You are more poisoned.
The adder poisons you! The adder closely misses you.
You barely miss the adder.
The adder is lightly wounded.
You feel sick. The adder bites you.
You are more poisoned.
The adder poisons you!
You barely miss the adder.
The adder is lightly wounded.
You feel very sick. The adder bites you.
You barely miss the adder.
The adder is lightly wounded.
You feel sick. The adder completely misses you. The adder barely misses you.
You hit the adder.
The adder is heavily wounded.
You feel sick. The adder bites you.
* * * LOW HITPOINT WARNING * * *
You are lethally poisoned!
The adder poisons you!
It was a potion of mutation.
You feel extremely strange.
You feel less in control of your magic.
You feel a hidden potential growing inside you.
* * * LOW HITPOINT WARNING * * *
You feel very sick. The adder bites you.
* * * LOW HITPOINT WARNING * * *
You are more poisoned.
The adder poisons you!
It was a potion of haste.
You feel yourself speed up.
You die...

## .. ##.# ...
#.. #.# .... .##
#.# ....
....####@# .....
.......#S# .....
.......#.# ......
.......'.##......
.......##........
....... #†###....
....... #..<# #
....... #####
.?.....


You could see an adder.

Vanquished Creatures
  An adder (D:2)
  2 dart slugs
  An orc (D:2)
  6 endoplasms
  6 giant cockroaches
  7 goblins
  3 hobgoblins
  5 jackals
  A quokka (D:3)
  3 ball pythons
  2 bats
  4 frilled lizards
  5 kobolds
  7 rats
53 creatures vanquished.

Notes
Turn   | Place    | Note
-------+----------+-------------------------------------------
     0 | D:1      | Revguard the Hill Orc Monk began the quest for the Orb.
     0 | D:1      | Reached XP level 1. HP: 19/19 MP: 1/1
   108 | D:1      | Reached skill level 1 in Invocations
   125 | D:1      | Reached XP level 2. HP: 25/27 MP: 2/2
   749 | D:1      | Reached XP level 3. HP: 26/33 MP: 4/4
  1240 | D:1      | Found a faded altar of an unknown god.
  1528 | D:2      | Reached skill level 1 in Armour
  1911 | D:2      | Reached XP level 4. HP: 22/40 MP: 5/5
  2170 | D:2      | Reached skill level 1 in Evocations
  2448 | D:3      | Gained mutation: Your spells are a little harder to cast,
                  | but a little more powerful. [potion of mutation]
  2448 | D:3      | Gained mutation: You have hidden genetic potential. [potion
                  | of mutation]
  2448 | D:3      | HP: 2/40 [adder (3)]
  2449 | D:3      | Succumbed to an adder's poison

Illustrated notes

Levels and vault maps discovered:
D:1:      dpeg_arrival_prison, layout_basic,
          shapermc_ecumenical_altar_flowoftime
D:2:      layout_loops_ring
D:3:      cheibrodos_old_hovel, layout_basic, solitary_fountain,
          kennysheep_crisscross, uniq_sigmund

Skill      XL: |  1  2  3  4 |
---------------+-------------+-----
Invocations    | 1 2 |  2.7
Armour         | 1 |  1.3
Fighting       | 4 |  4.1
Evocations     | 1 |  1.0
Axes           | |  4.4
Dodging        | |  2.5
Stealth        | |  1.5

Action                   |  1- 3 |  4- 6 || total
-------------------------+-------+-------++-------
Melee: Hand axe          |   130 |    37 ||   167
       Punch             |     1 |     2 ||     3
  Use: Scroll            |     2 |       ||     2
       Potion            |       |     2 ||     2
 Stab: Sleeping          |     2 |       ||     2
Armor: Robe              |     9 |       ||     9
       Scale mail        |    20 |    21 ||    41
Dodge: Dodged            |    79 |    39 ||   118
